[Event "1st Easter Festival-A 2021"]
[Site "Bassano del Grappa"]
[Date "2021.04.03"]
[Round "6.6"]
[White "Lumachi, Gabriele"]
[Black "Moroni, Luca Jr"]
[Result "0-1"]
[ECO "B07"]
[WhiteElo "2316"]
[BlackElo "2552"]
[Annotator "ChessBase"]
[PlyCount "66"]
[EventDate "2021.04.01"]
[EventType "swiss"]
[EventCountry "ITA"]
[SourceTitle "playchess.com"]
[Source "ChessBase"]
[SourceQuality "1"]
[TimeControl "5400+30"]

1. d4 d6 2. e4 Nf6 3. Nc3 g6 4. Be3 Bg7 5. Qd2 O-O 6. O-O-O c6 7. f3 b5 8. h4 Qa5 9. Kb1 b4 10. Nce2 h5 11. g4 hxg4 12. h5 Nxh5 13. Bh6 Bf6 14. Nf4 Nxf4 15. Bxf4 Be6 16. d5 cxd5 17. exd5 Bf5 18. fxg4 Bxg4 19. Bg5 Be5 20. Re1 Bg7 21. Bh6 Bf6 22. Bxf8 Kxf8 23. Re4 Bf5 24. Rxb4 Qc5 25. Rc4 Qb6 26. Rb4 Qc5 27. Rb5 Qc7 28. Bh3 Be4 29. Bg2 Bxg2 30. Qxg2 Nd7 31. Nf3 Qc4 32. Rb7 Nc5 33. Rc7 Rb8 0-1

[Event "1st Easter Festival-A 2021"]
[Site "Bassano del Grappa"]
[Date "2021.04.03"]
[Round "6.6"]
[White "Fischer, Daniel"]
[Black "Palozza, Christian"]
[Result "*"]
[ECO "B07"]
[WhiteElo "2276"]
[BlackElo "2263"]
[Annotator "ChessBase"]
[PlyCount "20"]
[EventDate "2021.04.01"]
[EventType "swiss"]
[EventCountry "ITA"]
[SourceTitle "playchess.com"]
[Source "ChessBase"]
[SourceQuality "1"]
[TimeControl "5400+30"]

1. d4 d6 2. e4 Nf6 3. Nc3 g6 4. Be3 Bg7 5. Qd2 O-O 6. O-O-O c6 7. f3 b5 8. h4 Qa5 9. Kb1 b4 10. Nce2 h5 *

[Event "1st Easter Festival-A 2021"]
[Site "Bassano del Grappa"]
[Date "2021.04.03"]
[Round "6.7"]
[White "Solomon, Kenny"]
[Black "Dardha, Daniel"]
[Result "0-1"]
[ECO "E17"]
[WhiteElo "2357"]
[BlackElo "2516"]
[Annotator "ChessBase"]
[PlyCount "86"]
[EventDate "2021.04.01"]
[EventType "swiss"]
[EventCountry "ITA"]
[SourceTitle "playchess.com"]
[Source "ChessBase"]
[SourceQuality "1"]
[TimeControl "5400+30"]

1. d4 Nf6 2. c4 e6 3. Nf3 b6 4. g3 Bb7 5. Bg2 Be7 6. O-O O-O 7. Nc3 Na6 8. Re1 d5 9. cxd5 exd5 10. Bf4 c5 11. Rc1 Ne4 12. dxc5 Naxc5 13. Be5 Re8 14. Rc2 Bf8 15. Bd4 Ne6 16. a3 Rc8 17. Be5 a6 18. Bh3 Rc4 19. b3 Rc5 20. Bxe6 Rxe6 21. Bd4 Rc8 22. Nb1 Rxc2 23. Qxc2 Rc6 24. Qd3 Qc8 25. Kg2 a5 26. Qe3 b5 27. Ne5 Rc2 28. f3 Nd6 29. g4 b4 30. a4 Ba6 31. Kg3 Qe6 32. Kf2 Be7 33. Kg3 h6 34. Nd3 Qg6 35. Kh3 Bg5 36. f4 Bd8 37. Ne5 Qe4 38. Qxe4 Nxe4 39. Nd3 Bc7 40. Be3 d4 41. Bxd4 Bxd3 42. exd3 Bxf4 43. g5 h5 0-1

[Event "1st Easter Festival-A 2021"]
[Site "Bassano del Grappa"]
[Date "2021.04.03"]
[Round "6.8"]
[White "Fischer, Daniel"]
[Black "Palozza, Christian"]
[Result "0-1"]
[ECO "B12"]
[WhiteElo "2276"]
[BlackElo "2263"]
[Annotator "ChessBase"]
[PlyCount "88"]
[EventDate "2021.04.01"]
[EventType "swiss"]
[EventCountry "ITA"]
[SourceTitle "playchess.com"]
[Source "ChessBase"]
[SourceQuality "1"]
[TimeControl "5400+30"]

1. e4 c6 2. d4 d5 3. e5 c5 4. dxc5 e6 5. a3 Bxc5 6. Qg4 Ne7 7. Nf3 Qb6 8. Bd3 Bxf2+ 9. Ke2 a5 10. Nc3 Bd7 11. Na4 Bxa4 12. Qxa4+ Nec6 13. Rf1 Bc5 14. Ng5 Nd7 15. Nxf7 Rf8 16. Bg5 Rxf7 17. Rxf7 Qxb2 18. Raf1 Qxe5+ 19. Kd1 Qxg5 20. Qb5 Qg4+ 21. Ke1 O-O-O 22. Rxd7 Rxd7 23. Qxc5 Kc7 24. Bb5 Qh4+ 25. Kd1 Qe7 26. Qc3 d4 27. Qe1 Qxa3 28. Qxe6 Re7 29. Rf7 Kb6 30. Rxe7 Qxe7 31. Qd5 Qc5 32. Bxc6 bxc6 33. Qd8+ Kb5 34. Qb8+ Qb6 35. Qe5+ Ka6 36. Qxg7 Qb1+ 37. Kd2 Qb4+ 38. Kd1 a4 39. Qc7 Qc4 40. Qc8+ Ka5 41. Qc7+ Kb4 42. Kd2 Ka3 43. g4 c5 44. Kc1 d3 0-1

[Event "1st Easter Festival-A 2021"]
[Site "Bassano del Grappa"]
[Date "2021.04.03"]
[Round "6.9"]
[White "Diermair, Andreas"]
[Black "Carlo, Emanuele"]
[Result "1-0"]
[ECO "E04"]
[WhiteElo "2487"]
[BlackElo "2282"]
[Annotator "ChessBase"]
[PlyCount "151"]
[EventDate "2021.04.01"]
[EventType "swiss"]
[EventCountry "ITA"]
[SourceTitle "playchess.com"]
[Source "ChessBase"]
[SourceQuality "1"]
[TimeControl "5400+30"]

1. d4 Nf6 2. c4 e6 3. g3 d5 4. Nf3 dxc4 5. Bg2 a6 6. O-O Nc6 7. e3 Rb8 8. Qe2 b5 9. Bd2 Bb7 10. b3 cxb3 11. axb3 Be7 12. Rc1 O-O 13. Ne1 Nb4 14. Bxb7 Rxb7 15. Bxb4 Bxb4 16. Rxa6 Qd5 17. Qc2 h5 18. Nd3 Bd6 19. Nd2 h4 20. Qc6 hxg3 21. hxg3 Rbb8 22. Qxd5 exd5 23. Nf3 Ra8 24. Rca1 Rxa6 25. Rxa6 Nd7 26. Nfe1 Nb8 27. Ra5 c6 28. Nc2 Rc8 29. Ra8 Kf8 30. Ncb4 Ke8 31. Nc5 Bxc5 32. dxc5 Rd8 33. Nd3 Nd7 34. Ra6 Rc8 35. Ra7 f6 36. b4 g5 37. f4 Kd8 38. Kg2 g4 39. Nc1 Rc7 40. Ra8+ Rc8 41. Ra6 Nf8 42. Nb3 Ng6 43. Nd4 Ne7 44. f5 Kd7 45. Kf2 Ng8 46. Ne6 Nh6 47. Ra7+ Ke8 48. Ng7+ Kf8 49. e4 dxe4 50. Ke3 Kg8 51. Kxe4 Rd8 52. Nh5 Rd1 53. Nxf6+ Kf8 54. Ke5 Nf7+ 55. Kf4 Rd4+ 56. Ne4 Rxb4 57. f6 Kg8 58. Kf5 Rd4 59. Rc7 Rd5+ 60. Kxg4 Ne5+ 61. Kf5 Nd3+ 62. Kg4 Nxc5 63. Rg7+ Kf8 64. Ng5 Rxg5+ 65. Rxg5 Ne6 66. Rh5 Kf7 67. Kf5 Nd4+ 68. Ke5 Nf3+ 69. Ke4 Ne1 70. Kf5 Nd3 71. Rh7+ Kf8 72. g4 b4 73. Rb7 c5 74. g5 c4 75. g6 c3 76. Rb8# 1-0

[Event "1st Easter Festival-A 2021"]
[Site "Bassano del Grappa"]
[Date "2021.04.03"]
[Round "6.10"]
[White "Tisaj, Domen"]
[Black "Schreiner, Peter"]
[Result "0-1"]
[ECO "B51"]
[WhiteElo "2287"]
[BlackElo "2458"]
[Annotator "ChessBase"]
[PlyCount "114"]
[EventDate "2021.04.01"]
[EventType "swiss"]
[EventCountry "ITA"]
[SourceTitle "playchess.com"]
[Source "ChessBase"]
[SourceQuality "1"]
[TimeControl "5400+30"]

1. e4 c5 2. Nf3 d6 3. Bb5+ Nd7 4. d4 cxd4 5. Qxd4 a6 6. Be2 Ngf6 7. O-O g6 8. Bg5 Bg7 9. Nc3 O-O 10. Rfd1 Qc7 11. e5 Nxe5 12. Bxf6 Bxf6 13. Nd5 Qxc2 14. Nxf6+ exf6 15. Rd2 Qc5 16. Qf4 Kg7 17. Rad1 Rd8 18. Nd4 d5 19. h4 Qd6 20. Nc2 Be6 21. h5 Ng4 22. Qxd6 Rxd6 23. Bxg4 Bxg4 24. f3 Be6 25. Nd4 Rc8 26. Kf2 g5 27. g4 h6 28. Re1 Rc4 29. b3 Rc3 30. Ne2 Rc8 31. Nd4 Kf8 32. Rde2 Bd7 33. Re3 a5 34. Kg3 b5 35. Kf2 f5 36. gxf5 Kg7 37. Kg3 Kf6 38. Kg4 b4 39. Re5 Rc3 40. R5e3 Rc8 41. Re5 a4 42. R5e3 axb3 43. axb3 Rc3 44. f4 gxf4 45. Kxf4 Rc8 46. Rg3 Ra6 47. Re5 Rc5 48. Rd3 Ra1 49. Nf3 Rf1 50. Ree3 Bxf5 51. Rd4 Be4 52. Rxb4 Rc6 53. Kg3 Rxf3+ 54. Rxf3+ Bxf3 55. Kxf3 Ke5 56. Rb8 Rc3+ 57. Ke2 Rh3 0-1

[Event "1st Easter Festival-A 2021"]
[Site "Bassano del Grappa"]
[Date "2021.04.04"]
[Round "8.10"]
[White "Diermair, Andreas"]
[Black "Lumachi, Gabriele"]
[Result "1/2-1/2"]
[ECO "E06"]
[WhiteElo "2487"]
[BlackElo "2316"]
[Annotator "RC"]
[PlyCount "52"]
[EventDate "2021.04.01"]
[EventType "swiss"]
[EventCountry "ITA"]
[SourceTitle "playchess.com"]
[Source "ChessBase"]
[SourceQuality "1"]
[TimeControl "5400+30"]

1. c4 e6 2. g3 d5 3. Bg2 Nf6 4. Nf3 c5 5. O-O Be7 6. d4 Nc6 7. dxc5 O-O 8. cxd5 Nxd5 9. a3 Bxc5 10. b4 Be7 11. Bb2 Bf6 12. Qb3 Bd7 13. Nbd2 a5 14. e4 Nb6 15. Bxf6 gxf6 16. bxa5 Nxa5 17. Qe3 Nbc4 18. Nxc4 Nxc4 19. Qh6 Bc6 20. e5 Nxe5 21. Nxe5 fxe5 22. Bxc6 bxc6 23. Rad1 Qe7 24. Rd7 Qxd7 25. Qg5+ Kh8 26. Qf6+ Kg8 1/2-1/2

[Event "1st Easter Festival-A 2021"]
[Site "Bassano del Grappa"]
[Date "2021.04.05"]
[Round "9.6"]
[White "Sonis, Francesco"]
[Black "Brinovec, David"]
[Result "1-0"]
[ECO "E07"]
[WhiteElo "2477"]
[BlackElo "2262"]
[Annotator "ChessBase"]
[PlyCount "81"]
[EventDate "2021.04.01"]
[EventType "swiss"]
[EventCountry "ITA"]
[SourceTitle "playchess.com"]
[Source "ChessBase"]
[SourceQuality "1"]
[TimeControl "5400+30"]

1. Nf3 d5 2. g3 Nf6 3. Bg2 Nbd7 4. d4 e6 5. O-O Be7 6. c4 O-O 7. Qd3 b6 8. cxd5 exd5 9. Nc3 Bb7 10. Ne5 c5 11. Bf4 Qc8 12. Rac1 Rd8 13. Rfd1 Nf8 14. Qb1 a6 15. dxc5 bxc5 16. Na4 Qe6 17. Nd3 N8d7 18. Naxc5 Nxc5 19. Nxc5 Bxc5 20. Rxc5 Qxe2 21. Rc7 Qb5 22. b4 Rd7 23. Rc5 Qb6 24. Be3 Qe6 25. Bd4 Ne4 26. Rc2 Nd6 27. a4 Nc4 28. Qa1 Qg6 29. Re2 h5 30. h4 Bc6 31. Rde1 Nd6 32. Re5 f6 33. Re6 Bb7 34. Bh3 Qf7 35. Rxf6 gxf6 36. Be6 Ne4 37. Bxf7+ Kxf7 38. Qd1 Kg6 39. f3 Nxg3 40. Kf2 Nf5 41. Qd3 1-0

[Event "1st Easter Festival-A 2021"]
[Site "Bassano del Grappa"]
[Date "2021.04.05"]
[Round "9.6"]
[White "Schreiner, Peter"]
[Black "Palozza, Christian"]
[Result "*"]
[ECO "E07"]
[WhiteElo "2458"]
[BlackElo "2263"]
[Annotator "ChessBase"]
[PlyCount "34"]
[EventDate "2021.04.01"]
[EventType "swiss"]
[EventCountry "ITA"]
[SourceTitle "playchess.com"]
[Source "ChessBase"]
[SourceQuality "1"]
[TimeControl "5400+30"]

1. Nf3 d5 2. g3 Nf6 3. Bg2 Nbd7 4. d4 e6 5. O-O Be7 6. c4 O-O 7. Qd3 b6 8. cxd5 exd5 9. Nc3 Bb7 10. Ne5 c5 11. Bf4 Qc8 12. Rac1 Rd8 13. Rfd1 Nf8 14. Qb1 a6 15. dxc5 bxc5 16. Na4 Qe6 17. Nd3 N8d7 *

[Event "1st Easter Festival-A 2021"]
[Site "Bassano del Grappa"]
[Date "2021.04.05"]
[Round "9.7"]
[White "Schreiner, Peter"]
[Black "Palozza, Christian"]
[Result "1/2-1/2"]
[ECO "E04"]
[WhiteElo "2458"]
[BlackElo "2263"]
[Annotator "ChessBase"]
[PlyCount "56"]
[EventDate "2021.04.01"]
[EventType "swiss"]
[EventCountry "ITA"]
[SourceTitle "playchess.com"]
[Source "ChessBase"]
[SourceQuality "1"]
[TimeControl "5400+30"]

1. d4 e6 2. c4 Nf6 3. Nf3 d5 4. g3 dxc4 5. Bg2 c6 6. Ne5 Bb4+ 7. Nc3 Nd5 8. Bd2 b5 9. O-O O-O 10. a4 a5 11. axb5 Bxc3 12. bxc3 cxb5 13. Qb1 f6 14. Ng4 Bd7 15. f4 Na6 16. f5 Nac7 17. e4 exf5 18. Nh6+ gxh6 19. exd5 Ra6 20. Bxh6 Re8 21. Bf4 Na8 22. Ra3 Nb6 23. Qc2 Nc8 24. Rfa1 a4 25. R3a2 Nd6 26. Bc1 Qe7 27. Ba3 Qe3+ 28. Kh1 Ne4 1/2-1/2

[Event "1st Easter Festival-A 2021"]
[Site "Bassano del Grappa"]
[Date "2021.04.05"]
[Round "9.7"]
[White "Carlo, Emanuele"]
[Black "Dardha, Daniel"]
[Result "*"]
[ECO "E04"]
[WhiteElo "2282"]
[BlackElo "2516"]
[Annotator "RC"]
[PlyCount "38"]
[EventDate "2021.04.01"]
[EventType "swiss"]
[EventCountry "ITA"]
[SourceTitle "playchess.com"]
[Source "ChessBase"]
[SourceQuality "1"]
[TimeControl "5400+30"]

1. d4 e6 2. c4 Nf6 3. Nf3 d5 4. g3 dxc4 5. Bg2 c6 6. Ne5 Bb4+ 7. Nc3 Nd5 8. Bd2 b5 9. O-O O-O 10. a4 a5 11. axb5 Bxc3 12. bxc3 cxb5 13. Qb1 f6 14. Ng4 Bd7 15. f4 Na6 16. f5 Nac7 17. e4 exf5 18. Nh6+ gxh6 19. exd5 Ra6 *

[Event "1st Easter Festival-A 2021"]
[Site "Bassano del Grappa"]
[Date "2021.04.05"]
[Round "9.8"]
[White "Sonis, Francesco"]
[Black "Brinovec, David"]
[Result "*"]
[ECO "B31"]
[WhiteElo "2477"]
[BlackElo "2262"]
[Annotator "ChessBase"]
[PlyCount "24"]
[EventDate "2021.04.01"]
[EventType "swiss"]
[EventCountry "ITA"]
[SourceTitle "playchess.com"]
[Source "ChessBase"]
[SourceQuality "1"]
[TimeControl "5400+30"]

1. e4 c5 2. Nf3 Nc6 3. Nc3 g6 4. Bb5 Bg7 5. O-O e5 6. d3 Nge7 7. a3 O-O 8. Bc4 d6 9. Bg5 Kh8 10. Qd2 Bg4 11. Ne1 Be6 12. Rb1 Qd7 *

[Event "1st Easter Festival-A 2021"]
[Site "Bassano del Grappa"]
[Date "2021.04.05"]
[Round "9.10"]
[White "Maerevoet, Sim"]
[Black "Deuer, Marius"]
[Result "1-0"]
[ECO "D41"]
[WhiteElo "2381"]
[BlackElo "2231"]
[Annotator "ChessBase"]
[PlyCount "93"]
[EventDate "2021.04.01"]
[EventType "swiss"]
[EventCountry "ITA"]
[SourceTitle "playchess.com"]
[Source "ChessBase"]
[SourceQuality "1"]
[TimeControl "5400+30"]

1. c4 c5 2. Nc3 Nf6 3. Nf3 e6 4. e3 Nc6 5. d4 d5 6. cxd5 Nxd5 7. Bc4 Be7 8. O-O cxd4 9. exd4 O-O 10. Re1 Bf6 11. Ne4 b6 12. Nxf6+ Nxf6 13. Bg5 Bb7 14. Ne5 Ne7 15. Qd3 Nfd5 16. Qh3 Qd6 17. Bd3 Ng6 18. Nxg6 hxg6 19. Re4 f5 20. Rh4 Rac8 21. Re1 Kf7 22. Rh7 Rg8 23. a3 Qc7 24. Qh6 Qc6 25. Bf1 Qd6 26. h4 Nf6 27. Bxf6 Kxf6 28. Qg5+ Kf7 29. h5 gxh5 30. Be2 Qe7 31. Bxh5+ Kf8 32. Qf4 Bd5 33. g4 Qc7 34. Qxc7 Rxc7 35. gxf5 Rc4 36. fxe6 Ke7 37. Bf7 Rf8 38. Rxg7 Rxd4 39. Bh5+ Kf6 40. Rg6+ Ke7 41. Re5 Rh8 42. Rgg5 Bc6 43. Kf1 Rh4 44. Ke2 Rf8 45. Rg7+ Kf6 46. e7 Kxg7 47. Rg5+ 1-0